 Dungeon Crawl Stone Soup version 0.24-a0-235-g3f03afc (webtiles) character file.

Game seed: 821045641449155336

25 MatthieuS the Grave Robber (level 2, -1/19 HPs)
             Began as a Demonspawn Necromancer on Apr 5, 2019.
             Slain by a hobgoblin
             ... wielding a +0 club
              (3 damage)
             ... on level 2 of the Dungeon.
             The game lasted 00:02:10 (1643 turns).

MatthieuS the Grave Robber (Demonspawn Necromancer) Turns: 1643, Time: 00:02:10

Health: -1/19      AC:  5    Str:  8    XL:     2   Next: 82%
Magic:  1/5        EV: 12    Int: 16    God:
Gold:   104        SH:  0    Dex: 16    Spells: 4/6 levels left

rFire    + + .     SeeInvis .   (no weapon)
rCold    + + .     Gourm    .   (no shield)
rNeg     . . .     Faith    .   p - +1 leather armour {rC+}
rPois    +         Spirit   .   (no helmet)
rElec    +         Reflect  .   (no cloak)
rCorr    +         Harm     .   (no gloves)
MR       .....                  n - +0 pair of boots
Stlth    ++........             (no amulet)
HPRegen  0.06/turn              l - +3 ring of dexterity
MPRegen  0.09/turn              (no ring)

@: resistant
A: fire resistance 1
a: no special abilities


You were on level 2 of the Dungeon.
You were hungry.

You visited 1 branch of the dungeon, and saw 2 of its levels.

You collected 104 gold pieces.

Inventory:

Armour
 n - a +0 pair of boots (worn)
   (You found it on level 1 of the Dungeon)
 p - a +1 leather armour of cold resistance (worn)
   (You found it on level 1 of the Dungeon)
Jewellery
 l - a +3 ring of dexterity (left hand)
   (You found it on level 1 of the Dungeon)
Scrolls
 a - a scroll of identify {unknown}
 d - 2 scrolls of teleportation {unknown}
 g - a scroll of random uselessness {unknown}
 i - a scroll of remove curse {unknown}
 o - a scroll of amnesia {unknown}
Potions
 b - a potion of magic {unknown}
 c - a potion of might {unknown}
 h - a potion of agility {unknown}
 j - a potion of curing {unknown}
Comestibles
 e - 3 rations


   Skills:
 - Level 1.7 Dodging
 - Level 1.7 Stealth
 + Level 2.6 Spellcasting
 + Level 4.9 Necromancy


You had 4 spell levels left.
You knew the following spells:

 Your Spells              Type           Power        Failure   Level  Hunger
a - Pain                  Necr           ###.         3%          1    #......
z - Animate Skeleton      Necr           N/A          3%          1    #......

Your spell library contained the following spells:

 Spells                   Type           Power        Failure   Level  Hunger
 Vampiric Draining        Necr           ###.......   11%         3    ###....
 Regeneration             Chrm/Necr      ##........   30%         3    ###....
 Animate Dead             Necr           N/A          36%         4    #####..


Dungeon Overview and Level Annotations

Branches:
Dungeon (2/15)

Altars:


Innate Abilities, Weirdness & Mutations

Your flesh is heat resistant. (rF+)


Message History

You closely miss the kobold. The bat misses you.
Your goblin skeleton hits the kobold with a cursed -1 club.
The kobold hits your goblin skeleton with a +0 short sword.
Your goblin skeleton is destroyed!
The kobold shouts!
You are feeling hungry.
You barely miss the kobold.
You hear a shout!
The bat closely misses you.
Your goblin skeleton hits the bat.
The bat dies!
The kobold barely misses you.
Unknown command.
The goblin hits your goblin skeleton with a +0 dagger.
Your goblin skeleton is destroyed!
You hit the kobold.
You kill the kobold!
A hobgoblin comes into view. It is wielding a +0 club.
The goblin barely misses you.
The hobgoblin moves out of view.
Things that are here:
a +0 short sword; a cursed -1 club You miss the goblin.
The goblin barely misses you.
You hit the goblin. The goblin hits you but does no damage.
You barely miss the goblin. The goblin hits you but does no damage.
You hit the goblin but do no damage. The goblin barely misses you.
There is nothing here that can be animated!
You hit the goblin.
You kill the goblin!
The hobgoblin misses you.
Things that are here:
a +0 dagger; a goblin corpse; a bat corpse The hobgoblin hits you with a +0 club.
* * * LOW HITPOINT WARNING * * *
The hobgoblin closely misses you.
Things that are here:
a +0 dagger; a goblin corpse; a bat corpse You attempt to give life to the dead...
Before your eyes, flesh is ripped from the corpse!
The dead are walking!
The hobgoblin hits you with a +0 club.
* * * LOW HITPOINT WARNING * * *
Things that are here:
3 chunks of flesh; a bat corpse
Things that are here:
a +0 short sword; a cursed -1 club Your goblin skeleton hits the hobgoblin but does no damage.
Aim: a hobgoblin, wielding a +0 club (chance to defeat MR: 87%)
The hobgoblin writhes in agony.
It was a potion of resistance.
You feel protected. The hobgoblin hits you with a +0 club.
You die...

...............
#...........
#.....# #...%.#
#...).#
#...Z(####
#....(..<#
#...g.####
#...@.# #.....#
#.....#
.....###
#?##### #


You could see a hobgoblin and a friendly goblin skeleton.

Vanquished Creatures
  3 dart slugs (D:1)
  A giant cockroach (D:1)
  3 goblins (D:2)
  A hobgoblin (D:1)
  3 kobolds
  A bat (D:1)
  4 frilled lizards (D:1)
  3 rats (D:1)
19 creatures vanquished.

Vanquished Creatures (collateral kills)
  2 bats (D:2)
2 creatures vanquished.

Grand Total: 21 creatures vanquished

Notes
Turn   | Place    | Note
-------+----------+-------------------------------------------
     0 | D:1      | MatthieuS the Demonspawn Necromancer began the quest for
                  | the Orb.
     0 | D:1      | Reached XP level 1. HP: 13/13 MP: 3/3
   600 | D:1      | Learned a level 1 spell: Animate Skeleton
   606 | D:1      | Gained mutation: Your flesh is heat resistant. (rF+)
                  | [demonic ancestry]
   606 | D:1      | Reached XP level 2. HP: 16/19 MP: 0/5
  1643 | D:2      | Slain by a hobgoblin

Levels and vault maps discovered:
D:1:      nzn_arrival_water_spiral, layout_loops_corners,
          hangedman_decor_peaks_small, chequers_serial_rivers_micro_b,
          hangedman_abyss_or_decor_lesser_grid
D:2:      layout_basic, grunt_dithmenos_smoke, minmay_increasing_density

Action                   || total
-------------------------++-------
Melee: Unarmed           ||    22
 Cast: Pain              ||    34
       Animate Skeleton  ||     3
  Use: Potion            ||     1
  Eat: Chunk             ||     2
Armor: Leather armour    ||     9
       Robe              ||     1
Dodge: Dodged            ||    29

Table legend:
 A = Non-vault XP
 B = Vault XP
 C = Vault XP percentage of total XP
 D = Non-vault monster count
 E = Vault monster count
 F = Vault count percentage of total count
                 A         B        C        D         E       F
            +---------+---------+-------+---------+---------+-------
      Total |      36 |       0 |   0.0 |      21 |       0 |   0.0
            +---------+---------+-------+---------+---------+-------
        D:1 |      27 |       0 |   0.0 |      15 |       0 |   0.0
        D:2 |       9 |       0 |   0.0 |       6 |       0 |   0.0
            +---------+---------+-------+---------+---------+-------
